 Dungeon Crawl Stone Soup version 0.24-a0-84-g25a2d9f (webtiles) character file.

Game seed: 15178993233730745993

219 Kairos the Shield-Bearer (level 5, -10/28 HPs)
             Began as a Vine Stalker Fighter on Feb 7, 2019.
             Was an Initiate of Okawaru.
             Mangled by an ogre
             ... wielding a +0 giant spiked club
              (21 damage)
             ... on level 4 of the Dungeon.
             The game lasted 00:03:39 (2364 turns).

Kairos the Shield-Bearer (Vine Stalker Fighter)     Turns: 2364, Time: 00:03:41

Health: -10/28     AC:  6    Str: 19    XL:     5   Next: 96%
Magic:  0/15       EV:  7    Int:  8    God:    Okawaru [......]
Gold:   249        SH:  9    Dex: 14    Spells: 4/4 levels left

rFire    . . .     SeeInvis +   a - +0 war axe
rCold    . . .     Gourm    .   c - +0 shield
rNeg     . . .     Faith    .   b - +0 scale mail
rPois    .         Spirit   +   (no helmet)
rElec    .         Reflect  .   (no cloak)
rCorr    .         Harm     .   (no gloves)
MR       .....                  (no boots)
Stlth    ..........             (no amulet)
HPRegen  0.49/turn              j - ring of see invisible
MPRegen  0.14/turn              m - ring of magical power

@: no status effects
A: fangs 2, regeneration 1, magic shield, antimagic bite, no potion heal 3, rot
immunity
a: Renounce Religion


You were on level 4 of the Dungeon.
You worshipped Okawaru.
Okawaru was noncommittal.
You were not hungry.

You visited 1 branch of the dungeon, and saw 4 of its levels.

You collected 249 gold pieces.

Inventory:

Hand Weapons
 a - a +0 war axe (weapon)
Armour
 b - a +0 scale mail (worn)
 c - a +0 shield (worn)
Jewellery
 j - a ring of see invisible (left hand)
 m - a ring of magical power (right hand)
Wands
 p - a wand of paralysis (10)
Scrolls
 e - a scroll of teleportation {unknown}
 h - a scroll of immolation {unknown}
 i - 2 scrolls of enchant armour {unknown}
 l - a scroll of remove curse {unknown}
 n - a scroll of identify {unknown}
 q - a scroll of amnesia {unknown}
Potions
 d - a potion of might
 g - a potion of heal wounds {unknown}
 k - a potion of lignification {unknown}
 o - 2 potions of flight {unknown}
 r - a potion of mutation {unknown}
 s - a potion of curing {unknown}
 t - a potion of brilliance {unknown}
Comestibles
 f - 6 rations


   Skills:
 + Level 3.3 Fighting
 + Level 3.5 Axes
 + Level 3.1 Armour
 + Level 1.0 Dodging
 + Level 0.3 Stealth
 + Level 3.5 Shields


You had 4 spell levels left.
You didn't know any spells.
Your spell library was empty.

Dungeon Overview and Level Annotations

Branches:
Dungeon (4/15)
 Temple: D:4-7

Altars:
Ashenzari
Nemelex Xobeh
Okawaru
Qazlal


Innate Abilities, Weirdness & Mutations

You have extremely sharp teeth.
Your natural rate of healing is unusually fast.
When hurt, damage is shared between your health and your magic reserves.
Your bite disrupts and absorbs the magic of your enemies.
Potions cannot restore your health.
You are immune to rotting.


Message History

The ogre is moderately wounded.
The quokka twitches its whiskers.
The ogre completely misses you.
The quokka bites you but does no damage.
The adder hisses angrily.
There is an open door, spattered with blood here.
You see here a jackal corpse.
You barely miss the ogre. You bite the ogre, but do no damage.
The ogre is moderately wounded.
The ogre hits you with a +0 giant spiked club!
You hit the ogre.
The ogre is heavily wounded.
The ogre hits you with a +0 giant spiked club!
You are too injured to fight recklessly!
You are too injured to fight recklessly!
You barely miss the ogre.
The ogre is heavily wounded.
The ogre hits you with a +0 giant spiked club!!
Ouch! That really hurt!
You die...

##.....## .....##.+
#.....## ........#
#####'### ........#
##.#.....# ........#
##..#..)..#
........###...'.....+
....#...##...†#.....#
....S...#.....#.....#
........#@...####+###
..#.##.rO...##
#..#..## #..#.##
#).### ...# ##...
##.. ##


You could see an ogre and a quokka.

Vanquished Creatures
  A hound (D:4)
  A worker ant (D:4)
  4 gnolls (D:2)
  An adder (D:2)
  2 oozes (D:1)
  2 worms (D:2)
  3 dart slugs
  A leopard gecko (D:3)
  3 orcs (D:3)
  2 ball pythons (D:2)
  8 bats
  8 giant cockroaches
  7 goblins
  8 hobgoblins
  11 jackals
  5 quokkas (D:2)
  8 frilled lizards
  6 kobolds
  13 rats
94 creatures vanquished.

Notes
Turn   | Place    | Note
-------+----------+-------------------------------------------
     0 | D:1      | Kairos the Vine Stalker Fighter began the quest for the
                  | Orb.
     0 | D:1      | Reached XP level 1. HP: 11/11 MP: 2/2
    44 | D:1      | Reached XP level 2. HP: 15/16 MP: 1/3
   313 | D:1      | Reached XP level 3. HP: 15/20 MP: 4/4
   770 | D:2      | Gained mutation: Your natural rate of healing is unusually
                  | fast. [Vine Stalker growth]
   770 | D:2      | Reached XP level 4. HP: 16/24 MP: 5/5
   787 | D:2      | Found a shattered altar of Ashenzari.
   905 | D:2      | Reached XP level 5. HP: 25/28 MP: 6/6
   998 | D:2      | Noticed a fire elemental
  1000 | D:2      | Found a stormy altar of Qazlal.
  1001 | D:2      | Noticed an air elemental
  1002 | D:2      | Noticed a water elemental
  1840 | D:3      | Found a sparkling altar of Nemelex Xobeh.
  2006 | D:3      | Found a sparkling altar of Nemelex Xobeh.
  2006 | D:3      | Found an iron altar of Okawaru.
  2023 | D:3      | Became a worshipper of Warmaster Okawaru
  2354 | D:4      | Noticed an ogre
  2355 | D:4      | Reached skill level 1 in Dodging
  2364 | D:4      | Mangled by an ogre

Levels and vault maps discovered:

Skill      XL: |  1  2  3  4  5 |
---------------+----------------+-----
Shields        | 3 |  3.5
Fighting       | 3 |  3.3
Axes           | 2 3 |  3.5
Armour         | 3 |  3.1
Dodging        | 1 |  1.0
Stealth        | |  0.3

Action                   |  1- 3 |  4- 6 || total
-------------------------+-------+-------++-------
Melee: War axe           |    93 |   140 ||   233
       Bite              |    25 |    48 ||    73
  Eat: Chunk             |       |     5 ||     5
Armor: Scale mail        |    39 |    72 ||   111
Dodge: Dodged            |    44 |    39 ||    83
Block: Shield            |    66 |    96 ||   162

Table legend:
 A = Non-vault XP
 B = Vault XP
 C = Vault XP percentage of total XP
 D = Non-vault monster count
 E = Vault monster count
 F = Vault count percentage of total count
                 A         B        C        D         E       F
            +---------+---------+-------+---------+---------+-------
      Total |     277 |      36 |  11.5 |      79 |      15 |  16.0
            +---------+---------+-------+---------+---------+-------
        D:1 |      45 |       9 |  16.7 |      21 |       2 |   8.7
        D:2 |     118 |      14 |  10.6 |      34 |       6 |  15.0
        D:3 |      38 |      11 |  22.4 |      21 |       6 |  22.2
        D:4 |      76 |       2 |   2.6 |       3 |       1 |  25.0
            +---------+---------+-------+---------+---------+-------
